Map: Apotheosis LE

Players

Gracz

  • Race: Terran Terran
  • League: Silver

ads - Winner!

  • Race: Protoss Protoss
  • League: Silver

VOD

Have the link to the VOD?

Description

Time

  • Played on: Sept. 24, 2016, 10:51 a.m.
  • Length: 15:56
Show
View Real Time Build Order
Export as new Build Order

Gracz Terran 

Build Orders:  

Get SALT Encoding   

  12  0:02  SCV  
  13  0:20  Supply Depot  
  13  0:21  SCV  
  14  0:34  SCV  
  15  0:46  Barracks  
  15  0:49  SCV  
  16  1:02  Barracks, Refinery  
  16  1:05  SCV  
  17  1:18  Engineering Bay  
  17  1:20  SCV  
  18  1:47  Supply Depot  
  18  1:58  Marine x2  
  20  2:10  Supply Depot  
  20  2:25  Refinery  
  20  2:37  Marine x2  
  22  2:45  Terran Infantry Weapons Level 1  
  22  2:54  Marine  
  22  2:55  Marine  
  24  3:13  SCV  
  25  3:23  Barracks Tech Lab, Barracks Reactor  
  25  3:24  Factory  
  25  3:30  Barracks  
  22  4:07  Command Center  
  22  4:18  SCV  
  22  4:20  Barracks Reactor  
  23  4:30  SCV  
  24  4:41  Marauder  
  24  4:43  SCV  
  27  4:55  Factory Tech Lab  
  27  5:02  Starport  
  27  5:03  Marauder  
  29  5:09  Orbital Command  
  29  5:22  SCV  
  31  5:41  Orbital Command  
  31  5:42  SCV  
  31  5:47  Marine  
  31  5:48  Marine x3  
  35  5:54  SCV  
  35  5:55  Medivac  
  38  6:05  Marine  
  38  6:06  SCV  
  32  6:18  SCV  
  33  6:32  SCV x2  
  35  6:36  Marine x4  
  39  6:43  Marauder  
  39  6:44  SCV x2  
  43  6:52  Medivac  
  43  6:54  Marine  
  46  6:56  SCV  
  46  6:57  SCV  
  48  7:04  Marauder  
  48  7:08  SCV  
  51  7:10  Stimpack  
  45  8:29  Marine  
  45  8:30  Marine x4  
  50  8:47  Marine  
  50  8:48  Marine x3  
  54  8:49  Starport Reactor  
  54  8:53  Marine  
  55  8:57  Refinery x2  
  55  9:00  Terran Infantry Armor Level 1  
  55  9:05  Marine  
  55  9:06  Marine x2, Armory  
  55  9:08  Armory  
  58  9:15  Engineering Bay  
  58  9:32  SCV x2  
  58  9:35  Marine x2  
  62  10:02  Concussive Shells  
  62  10:08  Supply Depot  
  62  10:24  Marine x2, SCV x2, Marauder  
  62  10:26  Supply Depot  
  61  10:36  SCV x2  
  58  10:46  Marauder  
  58  10:48  SCV  
  43  11:33  Marine x3  
  43  11:34  Marine x2  
  43  11:35  Medivac x2, Siege Tank  
  54  11:45  SCV x2  
  56  11:51  Marine x5, Terran Infantry Weapons Level 2  
  56  11:53  Terran Infantry Armor Level 2  
  61  12:07  Barracks  
  61  12:09  Combat Shields  
  61  12:27  Marine x4  
  61  12:28  Marine  
  66  12:45  Marine x2  
  35  14:20  Barracks Reactor  
  35  14:21  Marine x3  
  35  14:22  Marine x2  
  35  14:23  Medivac x2  
  44  14:29  Barracks  
  42  14:39  Marine x5  
  45  14:56  Marine  
  45  14:57  Marine x6  
  34  15:51  Command Center  
Show
View Real Time Build Order
Export as new Build Order

ads Protoss - Winner!

Build Orders:  

Get SALT Encoding   

  12  0:18  Pylon  
  12  0:24  Probe (Chrono Boost)  
  13  0:34  Probe (Chrono Boost)  
  14  0:40  Forge  
  14  0:45  Probe (Chrono Boost)  
  15  0:55  Probe (Chrono Boost)  
  16  1:06  Probe (Chrono Boost)  
  17  1:11  Pylon  
  17  1:16  Probe (Chrono Boost)  
  18  1:32  Photon Cannon  
  18  1:42  Pylon  
  17  2:22  Gateway  
  17  2:25  Assimilator  
  17  2:28  Probe (Chrono Boost)  
  18  2:30  Assimilator  
  18  2:39  Probe (Chrono Boost)  
  19  2:44  Nexus  
  19  2:49  Probe (Chrono Boost)  
  20  2:59  Assimilator  
  20  3:01  Assimilator  
  20  3:18  Cybernetics Core  
  20  3:24  Pylon  
  20  3:25  Probe (Chrono Boost)  
  21  3:32  Gateway  
  21  3:36  Probe (Chrono Boost)  
  22  3:46  Probe (Chrono Boost)  
  23  3:57  Probe (Chrono Boost)  
  24  4:05  Stargate  
  24  4:08  Probe (Chrono Boost)  
  24  4:09  Probe (Chrono Boost)  
  26  4:18  Probe (Chrono Boost)  
  26  4:19  Probe (Chrono Boost)  
  26  4:21  Stalker  
  26  4:23  Stalker  
  32  4:30  Probe (Chrono Boost)  
  32  4:31  Probe (Chrono Boost)  
  34  4:40  Probe (Chrono Boost)  
  34  4:41  Probe (Chrono Boost)  
  36  4:49  Oracle  
  36  4:51  Stalker  
  36  4:52  Probe (Chrono Boost)  
  42  4:53  Stalker  
  42  4:57  Probe (Chrono Boost)  
  45  5:02  Probe (Chrono Boost)  
  46  5:08  Gateway  
  46  5:10  Gateway  
  46  5:13  Pylon  
  46  5:18  Pylon  
  46  5:32  Stalker, Probe (Chrono Boost)  
  46  5:35  Stalker  
  51  6:02  Stalker  
  53  6:05  Stalker  
  55  6:32  Stalker  
  55  6:34  Stalker  
  55  6:36  Stalker  
  61  7:34  Stalker  
  61  7:35  Sentry  
  62  7:38  Nexus  
  61  7:52  Stalker  
  60  8:01  Sentry  
  60  8:04  Stalker  
  61  8:17  Pylon  
  61  8:19  Pylon  
  61  8:29  Pylon  
  61  8:30  Pylon  
  61  8:35  Stalker x4  
  61  8:36  Probe (Chrono Boost)  
  70  8:46  Probe (Chrono Boost)  
  71  8:57  Probe (Chrono Boost)  
  72  9:05  Stalker x4  
  72  9:08  Probe (Chrono Boost)  
  81  9:10  Nexus  
  81  9:18  Probe (Chrono Boost)  
  82  9:35  Stalker x4  
  90  10:05  Stalker x4  
  96  10:35  Stalker x3  
  56  11:04  Stalker x2  
  60  11:15  Stalker  
  60  11:18  Stalker  
  60  11:34  Stalker  
  60  11:35  Sentry  
  64  11:44  Void Ray  
  64  11:45  Stalker  
  70  11:48  Stalker  
  70  11:53  Probe (Chrono Boost)  
  73  12:00  Probe (Chrono Boost)  
  76  12:01  Sentry  
  76  12:03  Probe (Chrono Boost)  
  76  12:04  Stalker  
  79  12:11  Probe (Chrono Boost)  
  79  12:14  Probe (Chrono Boost)  
  81  12:15  Stalker  
  81  12:18  Stalker  
  81  12:21  Probe (Chrono Boost)  
  86  12:24  Probe (Chrono Boost)  
  86  12:27  Void Ray  
  86  12:28  Sentry  
  93  12:32  Probe (Chrono Boost)  
  93  12:34  Stalker  
  93  12:35  Probe (Chrono Boost)  
  97  12:43  Probe (Chrono Boost)  
  98  12:45  Stalker  
  98  12:48  Stalker  
  102  12:54  Sentry  
  104  13:04  Stalker  
  106  13:09  Void Ray  
  110  13:15  Stalker  
  110  13:17  Stalker  
  114  13:20  Stalker  
  102  13:34  Stalker  
  102  13:45  Stalker  
  102  13:48  Zealot  
  102  13:50  Stalker  
  98  14:04  Stalker  
  98  14:15  Stalker, Zealot  
  102  14:20  Stalker  
  104  14:34  Stalker  
  106  14:42  Zealot  
  106  14:45  Stalker  
Tags
 
Add a new tag
Caveats
  • Supply blocks, unpowered buildings, or Contaminate may cause inaccurate times.
  • Supply counts are checked every 10 seconds.